cohdb
Replays
Latest Replays
All Replays
Popular Replays
Top Player Replays
Match Explorer
How It Works
Community
CoH3 Stats
Reddit
Sign in to upload your games and track your stats! →
Sign in with Steam
sDAK overflow
Match 8763787
Overview
Messages
Build Orders
End
Construct Barracks
Riflemen Squad
Riflemen Squad
M1 Mortar Team
Construct Medical Station
Infantry Support Center
Riflemen Squad
Selects Armored Battlegroup
Selects Strength in Steel
M1918 Browing Automatic Rifles
Munitions Surplus
M1 Mortar Team
Grenade Package
Construct Motor Pool
M1 Anti-tank Gun Team
M1 Anti-tank Gun Team
Selects Seek and Destroy
Advanced Logisitcs
Survival Training
Demolitions Package
Selects M4A3E8 Sherman Combat Group
M4A3E8 Sherman Combat Group
Selects Veteran Crews
Selects Field Repairs
Riflemen Squad
M1 Anti-tank Gun Team
M4A3E8 Sherman Combat Group
M4A3E8 Sherman Combat Group
Selects War Machine
M4A3E8 Sherman Combat Group
M1 Anti-tank Gun Team
Biobazard
The Sage
Graagash
whatislove
0
0
Comments
sign in to comment!
No comments posted yet!